 Dungeon Crawl Stone Soup version 0.29.1-15-g9cfb28693d (webtiles) character file.

Game seed: 16686048580033696523

532 Smoke131 the Firebug (level 7, 50/50 HPs)
             Began as a White Draconian Fire Elementalist on Feb 26, 2023.
             Was a Follower of Vehumet.
             Quit the game on level 5 of the Dungeon.
             The game lasted 00:10:26 (4805 turns).

Smoke131 the Firebug (DrFE)                         Turns: 4805, Time: 00:10:26

Health: 50/50      AC:  8    Str: 11    XL:     7   Next: 4%
Magic:  12/12      EV: 13    Int: 17    God:    Vehumet [*.....]
Gold:   264        SH:  0    Dex: 11    Spells: 7/13 levels left

rFire   . . .      SeeInvis .   d - staff of conjuration
rCold   + . .      Faith    .   (no shield)
rNeg    . . .      Spirit   .   (body armour unavailable)
rPois   .          Reflect  .   (helmet restricted)
rElec   .          Harm     .   (no cloak)
rCorr   .          Rampage  .   c - +0 pair of gloves
Will    .....                   f - +0 pair of boots
Stlth   ++........              m - amulet of magic regeneration
HPRegen 0.16/turn               (no ring)
MPRegen 0.53/turn               (no ring)

@: no status effects
A: breathe frost, AC +6, unfitting armour, cold resistance 1, cold-blooded
a: Breathe Frost, Renounce Religion


You were on level 5 of the Dungeon.
You worshipped Vehumet.
Vehumet was aware of your devotion.
You visited 1 branch of the dungeon, and saw 5 of its levels.

You collected 264 gold pieces.

Inventory:

Hand Weapons
 v - a +1 dagger of venom
Armour
 c - a +0 pair of gloves (worn)
 f - a +0 pair of boots (worn)
Magical Staves
 d - a staff of conjuration (weapon)
Jewellery
 j - a ring of fire
 m - an amulet of magic regeneration (around neck)
Scrolls
 b - a scroll of blinking
 i - a scroll of butterflies
 k - a scroll of acquirement
 n - a scroll of amnesia {unknown}
 o - a scroll of teleportation
 q - a scroll of fear
 r - a scroll of identify
Potions
 a - a potion of magic
 e - 3 potions of curing
 g - 2 potions of berserk rage
 h - 2 potions of haste {unknown}
 l - 2 potions of mutation
 p - a potion of heal wounds {unknown}


   Skills:
 + Level 3.8 Dodging
 - Level 1.7 Stealth
 + Level 3.8 Spellcasting
 + Level 3.6 Conjurations
 + Level 3.9 Fire Magic


You had 7 spell levels left.
You knew the following spells:

 Your Spells              Type           Power      Damage    Failure   Level
a - Foxfire               Conj/Fire      96%        2x1d8     3%          1
b - Scorch                Fire           32%        2d7       4%          2
c - Conjure Flame         Conj/Fire      24%        6-21      10%         3

Your spell library contained the following spells:

 Spells                   Type           Power      Damage    Failure   Level
 Magic Dart               Conj           92%        1d7       3%          1
 Inner Flame              Hex/Fire       9%         N/A       22%         3
 Flame Wave               Conj/Fire      24%        2d8       32%         4


Dungeon Overview and Level Annotations

Branches:
Dungeon (5/15)
 Temple: D:4-7

Altars:
Vehumet

Shops:
D:2 (

Annotations:
D:4 2 transporters


Innate Abilities, Weirdness & Mutations

You can breathe waves of freezing cold which knock back foes.
Your icy white scales are hard. (AC +6)
You cannot fit into any form of body armour.
Your flesh is cold resistant. (rC+)
You are cold-blooded and may be slowed by cold attacks.


Message History

You start resting.
HP restored.
You start resting.
Magic restored.
Things that are here:
a +0 whip; a +0 leather armour; a quokka corpse A phantom comes into view.
Found a stone staircase leading down.
Casting: Scorch (safe; 3% risk of failure)
Confirm with . or Enter, or press ? or * to list all spells.
Flames lash the phantom.
The phantom is moderately damaged.
The phantom's fire resistance burns away.
Casting: Scorch (safe; 3% risk of failure)
Confirm with . or Enter, or press ? or * to list all spells.
Flames lash the phantom.
The phantom is burned terribly!
The phantom is severely damaged.
The phantom closely misses you.
Casting: Scorch (safe; 3% risk of failure)
Confirm with . or Enter, or press ? or * to list all spells.
Flames lash the phantom.
The phantom is burned terribly!
The phantom is almost destroyed.
The phantom hits you.
Casting: Scorch (safe; 3% risk of failure)
Confirm with . or Enter, or press ? or * to list all spells.
Flames lash the phantom.
The phantom is burned terribly!
You destroy the phantom!
Vehumet accepts your kill.
You have reached level 7!
Your scales start taking on an icy white colour.
You learn Fire Magic much slower.
Your Fire Magic skill decreases to level 3!
You learn Ice Magic much quicker.
You can breathe waves of freezing cold which knock back foes.
You feel resistant to cold.
You start resting.
HP restored.
You start resting.
Magic restored.
Are you sure you want to abandon this character and quit the game? (Confirm with "yes".)

########################
#............#..........
#............#..........
#......@.....#..........
#.....................##
#.......................
#............####.....##
#..............##.....##
#.>............##.......
#..............##.......
#..............###......
...................


There were no monsters in sight!

Vanquished Creatures
  Sigmund (D:2)
  A phantom (D:5)
  A gnoll bouda (D:5)
  An orc wizard (D:2)
  Robin (D:2)
  5 gnolls
  7 adders
  2 worms (D:3)
  3 dart slugs
  10 orcs
  6 endoplasms
  5 giant cockroaches
  16 goblins
  11 hobgoblins
  2 jackals (D:3)
  3 quokkas
  5 ball pythons
  3 bats
  7 frilled lizards
  7 kobolds
  8 rats
105 creatures vanquished.

Vanquished Creatures (others)
  169 foxfires
  5 plants (D:3)
174 creatures vanquished.

Grand Total: 279 creatures vanquished

Notes
Turn   | Place    | Note
-------+----------+-------------------------------------------
     0 | D:1      | Smoke131 the Draconian Fire Elementalist began the quest
                  | for the Orb.
     0 | D:1      | Reached XP level 1. HP: 14/14 MP: 3/3
   612 | D:1      | Reached XP level 2. HP: 20/20 MP: 0/5
   626 | D:1      | Learned a level 2 spell: Scorch
  1667 | D:2      | Reached XP level 3. HP: 22/26 MP: 1/6
  1723 | D:2      | Noticed Sigmund
  1734 | D:2      | Killed Sigmund
  1735 | D:2      | Reached XP level 4. HP: 15/33 MP: 3/8
  1735 | D:2      | Reached XP level 5. HP: 18/38 MP: 3/9
  2048 | D:2      | Found Zautuqy's Antique Weapon Boutique.
  2061 | D:2      | Noticed Robin
  2070 | D:2      | Killed Robin
  2218 | D:2      | Reached XP level 6. HP: 45/45 MP: 5/11
  2596 | D:3      | Found a radiant altar of Vehumet.
  2632 | D:3      | Became a worshipper of Vehumet
  2942 | D:3      | Learned a level 3 spell: Conjure Flame
  3529 | D:4      | Identified 2 scrolls of acquirement
  3529 | D:4      | Acquired a staff of conjuration
  3748 | D:4      | Found a transporter.
  3749 | D:4      | Noticed a kobold demonologist
  3755 | D:4      | Found a transporter.
  3867 | D:4      | Reached * piety under Vehumet
  3867 | D:4      | Offered knowledge of Magic Dart by Vehumet.
  4354 | D:5      | Entered Level 5 of the Dungeon
  4792 | D:5      | Your scales start taking on an icy white colour.
  4792 | D:5      | Reached XP level 7. HP: 49/50 MP: 5/12
  4792 | D:5      | Gained mutation: Your flesh is cold resistant. (rC+) [White
                  | Draconian growth]
  4805 | D:5      | Quit the game

Illustrated notes

Levels and vault maps discovered:
D:1:      elethiomel_arrival_infinity_welcomes_careful_drivers, layout_basic,
          corexii_leaking_fountain, interstate_on_off, minmay_ruptured
D:2:      minmay_chambers_of_twos, layout_loops_ring, serial_shops, shop,
          shapermc_ecumenical_altar_petra, uniq_robin, uniq_sigmund
D:3:      layout_loops_cross, mainiacjoe_overflow_small_starburst,
          glass_columns_b, st_stairs_5, minivault_14, serial_bayou_pond_a
D:4:      gammafunk_wand_slinger, layout_gridville
D:5:      layout_basic

Skill      XL: |  1  2  3  4  5  6 |
---------------+-------------------+-----
Dodging        | 2 3 |  3.8
Spellcasting   | 3 |  3.8
Conjurations   | 2 3 |  3.6
Fire Magic     | 4 3 |  3.9
Stealth        | |  1.7

Action                   |  1- 3 |  4- 6 |  7- 9 || total
-------------------------+-------+-------+-------++-------
Melee: Unarmed           |    12 |       |       ||    12
       War axe           |     8 |       |       ||     8
       Tailslap          |     3 |    14 |       ||    17
       Trident           |    20 |       |       ||    20
       Dagger            |       |    94 |       ||    94
       Staff             |       |     9 |       ||     9
 Cast: Foxfire           |    28 |    75 |       ||   103
       Scorch            |     4 |    24 |       ||    28
  Use: Scroll            |       |    12 |       ||    12
 Stab: Sleeping          |     2 |     3 |       ||     5
Armor: Skin              |    18 |    68 |       ||    86
Dodge: Dodged            |    35 |    94 |       ||   129
